 Dungeon Crawl Stone Soup version 0.31-a0-640-g39d97e502b (webtiles) character file.

Game seed: 6140845379769258936

2 GordonOverkill the Sneak (level 1, 0/11 HPs)
             Began as a Vine Stalker Delver on Aug 28, 2023.
             Succumbed to a scorpion's poison
             ... on level 6 of the Dungeon.
             The game lasted 00:00:47 (199 turns).

GordonOverkill the Sneak (Vine Stalker Delver)       Turns: 199, Time: 00:00:48

Health: 0/11       AC:  4    Str: 14    XL:     1   Next: 30%
Magic:  2/2        EV: 11    Int: 10    God:
Gold:   33         SH:  0    Dex: 15    Spells: 0/0 levels left

rFire   . .          .
                       - Unarmed
rCold   . . .        (no shield)
rNeg    . . .        a - +0 leather armour
rPois   .            (no helmet)
rElec   .            (no cloak)
rCorr   .            i - +0 pair of gloves
SInv    .            (no boots)
Will    .....        g - amulet of the acrobat
Stlth   +++          (no ring)
HPRegen 0.21/turn    (no ring)
MPRegen 0.08/turn

%: acrobat, guardian spirit
@: lethally poisoned (0 -> -21), hasted, very quick
A: fangs 2, magic shield, antimagic bite, no potion heal 2
a: no special abilities


You were on level 6 of the Dungeon.
You visited 1 branch of the dungeon, and saw 4 of its levels.

You collected 33 gold pieces.

Inventory:

Armour
 a - a +0 leather armour (worn)
 i - a +0 pair of gloves (worn)
Jewellery
 g - an amulet of the acrobat (around neck)
Wands
 f - a wand of digging (3)
Scrolls
 b - a scroll of fog
 c - a scroll of revelation
 d - a scroll of fear
Potions
 h - a potion of heal wounds {unknown}


   Skills:
 + Level 2.7 Fighting
 - Level 1.5 Dodging
 - Level 6.0 Stealth
 + Level 2.1 Unarmed Combat


You couldn't memorise any spells.
You didn't know any spells.
Your spell library was empty.

Dungeon Overview and Level Annotations

Branches:
Dungeon (8/15)
 Temple: D:4-7         Lair: D:8-11

Altars:


Innate Abilities, Weirdness & Mutations

You have extremely sharp teeth.
When hurt, damage is shared between your health and your magic reserves.
Your bite disrupts and absorbs the magic of your enemies.
Potions cannot restore your health.


Message History

You hit the orc but do no damage.
The orc is heavily wounded.
The orc hits you with a +0 club.
* * * LOW HITPOINT WARNING * * *
You hit the orc.
You kill the orc!
Things that are here:
a +0 club; a +0 leather armour; an orc corpse You start resting.
Magic restored.
You start resting.
HP restored.
You now have 33 gold pieces (gained 12).
A scorpion comes into view.
Nothing quivered!
You feel yourself speed up.
You hit the scorpion but do no damage.
The scorpion stings you but does no damage.
You hit the scorpion but do no damage.
The scorpion stings you but does no damage.
You hit the scorpion but do no damage.
The scorpion stings you but does no damage.
You barely miss the scorpion.
You bite the scorpion, but do no damage.
You barely miss the scorpion. Your bite misses the scorpion.
The scorpion stings you.
You hit the scorpion but do no damage. The scorpion stings you.
* * * LOW HITPOINT WARNING * * *
You are lethally poisoned!
The scorpion poisons you!
You hit the scorpion. Your bite misses the scorpion.
The scorpion is lightly wounded.
* * * LOW HITPOINT WARNING * * *
You feel sick. The scorpion stings you.
* * * LOW HITPOINT WARNING * * *
You are more poisoned.
The scorpion poisons you!
You hit the scorpion but do no damage.
The scorpion is lightly wounded.
You die...

# .## ############..#
#.............##
#..............#
#.....@......#..
####.....s......####.
........................#
#####........)........
..##
.........##..#........
....
####.........#........
.... #..........#.#######
#... ....##.#....##.# #..
### #.#....##.# #.#


You could see a scorpion.

Vanquished Creatures
  An orc (D:6)
1 creature vanquished.

Notes
Turn   | Place    | Note
-------+----------+-------------------------------------------
     0 | D:5      | GordonOverkill the Vine Stalker Delver began the quest for
                  | the Orb.
     0 | D:5      | Reached XP level 1. HP: 11/11 MP: 2/2
    12 | D:5      | Noticed a jelly
    89 | D:8      | Noticed a bullfrog
    99 | D:7      | Noticed a wight
    99 | D:7      | Noticed a wight
   182 | D:6      | Noticed a scorpion
   199 | D:6      | Succumbed to a scorpion's poison

Illustrated notes

Levels and vault maps discovered:
D:5:      layout_basic, lemuel_tele_altar, uniq_duvessa
D:6:      layout_basic
D:7:      layout_basic, mainiacjoe_overflow_alcove_2
D:8:      layout_cave_pools, mainiacjoe_overflow_paths, enter_bailey_5,
          serial_column_ruins, column_ruins_hut, column_ruins_open_tiny,
          column_ruins_grid_2, column_ruins_open_tiny, column_ruins_grid_1,
          column_ruins_corridor_corner, column_ruins_grid_1, uniq_prince_ribbit1

Action                     || total
---------------------------++-------
  Melee: Unarmed           ||    17
         Bite              ||     4
    Use: Potion            ||     1
 Armour: Leather armour    ||     5
  Dodge: Dodged            ||     4

Table legend: (Time is in decaauts)
 A = Elapsed time spent in this place.
 B = Non-inter-level travel time spent in this place.
 C = Inter-level travel time spent in this place.
 D = Time resting spent in this place.
 E = Time spent auto-exploring this place.
 F = Levels seen in this place.
 G = Mean time per level.
                   A        B        C        D        E       F      G
               +--------+--------+--------+--------+--------+-----+--------+
         Total |    195 |    195 |      0 |     18 |      1 |   4 |   48.8 |
       Dungeon |    195 |    195 |      0 |     18 |      1 |   4 |   48.8 |
               +--------+--------+--------+--------+--------+-----+--------+

Top non-repeatable levels by time:
     D:6: 139 daAuts
     D:7: 35 daAuts
     D:5: 16 daAuts
     D:8: 4 daAuts
